 Dungeon Crawl Stone Soup version 0.25-a0-972-g74ed164fb1 (webtiles) character file.

Game seed: 7764632887764350640, levelgen mode: deterministic

960 fiskefarfar the Slasher (level 7, -1/64 HPs)
             Began as a Purple Draconian Berserker on May 9, 2020.
             Was a Priest of Trog.
             Slain by a killer bee (8 damage)
             ... on level 6 of the Dungeon.
             The game lasted 00:40:27 (6310 turns).

fiskefarfar the Slasher (DrBe)                      Turns: 6310, Time: 00:40:28

Health: -1/64      AC:  9    Str: 20    XL:     7   Next: 92%
Magic:  7/7        EV: 14    Int: 11    God:    Trog [***...]
Gold:   301        SH:  0    Dex: 12    Spells: 6/6 levels left

rFire    + . .     SeeInvis +   a - +1 falchion
rCold    + + .     Gourm    .   (no shield)
rNeg     . . .     Faith    +   (armour unavailable)
rPois    +         Spirit   .   (helmet restricted)
rElec    +         Reflect  .   L - +1 cloak
rCorr    .         Harm     .   (no gloves)
MR       +....                  (no boots)
Stlth    ++........             e - amulet of faith
HPRegen  0.20/turn              D - ring of protection from fire
MPRegen  0.10/turn              C - ring "Behoj" {rElec rC+ AC+1 Int+4 SInv}

@: no status effects
A: breathe power, unfitting armour, antennae 1, cold resistance 1, poison
resistance, cold-blooded, AC +6
a: Breathe Dispelling Energy, Berserk, Trog's Hand, Renounce Religion


You were on level 6 of the Dungeon.
You worshipped Trog.
Trog was most pleased with you.
You were not hungry.

You visited 2 branches of the dungeon, and saw 8 of its levels.

You collected 301 gold pieces.

Inventory:

Hand Weapons
 a - a +1 falchion (weapon)
 k - a +0 hunting sling
Missiles
 f - 10 boomerangs
 g - 15 sling bullets
 j - 130 arrows
 l - 130 stones
 s - 64 bolts
 z - 7 poisoned darts
 K - 5 curare-tipped darts (quivered)
Armour
 L - a +1 cloak (worn)
Jewellery
 e - an amulet of faith (around neck)
 B - an uncursed ring of stealth
 C - the ring "Behoj" (right hand) {rElec rC+ AC+1 Int+4 SInv}
   (You found it on level 4 of the Dungeon)

   [ring of protection]

   It affects your AC (+1).
   It affects your intelligence (+4).
   It protects you from cold.
   It insulates you from electricity.
   It lets you see invisible.
 D - a ring of protection from fire (left hand)
 I - an uncursed ring of wizardry {unknown}
Wands
 H - a wand of iceblast (9)
Scrolls
 h - a scroll of fog
 m - 2 scrolls of magic mapping
 r - a scroll of amnesia {unknown}
 t - 3 scrolls of enchant armour
 v - a scroll of fear {unknown}
 x - 5 scrolls of identify
 y - 2 scrolls of teleportation
 E - a scroll of immolation
 G - a scroll of noise {unknown}
 J - a scroll of blinking {unknown}
 M - a scroll of random uselessness {unknown}
Potions
 c - 3 potions of curing
 d - a potion of ambrosia {unknown}
 i - 2 potions of heal wounds {unknown}
 o - 3 potions of invisibility {unknown}
 p - 2 potions of berserk rage
 q - 2 potions of mutation
 u - 2 potions of lignification {unknown}
 w - a potion of degeneration {unknown}
 A - 2 potions of haste {unknown}
 F - a potion of magic {unknown}
Comestibles
 b - 3 rations
 n - 5 chunks of flesh


   Skills:
 * Level 6.4 Fighting
 + Level 6.5 Long Blades
 + Level 4.4 Dodging
 + Level 2.5 Stealth


You had 6 spell levels left.
You didn't know any spells.
Your spell library was empty.

Dungeon Overview and Level Annotations

Branches:
Dungeon (7/15)             Temple (1/1) D:4

Altars:
Ashenzari
Dithmenos
Elyvilon
Fedhas
Gozag
Kikubaaqudgha
Makhleb
Okawaru
Qazlal
Ru
Sif Muna
Trog
Uskayaw
Vehumet
Wu Jian
Xom
Yredelemnul
Zin
The Shining One


Innate Abilities, Weirdness & Mutations

You can breathe bolts of dispelling energy.
Your rich purple scales are hard. (AC +6)
You cannot fit into any form of body armour.
You are cold-blooded and may be slowed by cold attacks.
You have a pair of small antennae on your head.
Your flesh is cold resistant. (rC+)
Your system is resistant to poisons. (rPois)


Message History

The killer bee is almost dead.
The killer bee closely misses you.
You riposte.
You miss the killer bee.
Your tail-slap misses the killer bee.
The killer bee is almost dead.
The killer bee completely misses you. The killer bee stings you.
The killer bee closely misses you.
Unknown command.
You miss the killer bee.
Your tail-slap misses the killer bee.
The killer bee is almost dead.
You feel sick. The killer bee closely misses you. The killer bee stings you!
* * * LOW HITPOINT WARNING * * *
The killer bee barely misses you. The killer bee stings you.
* * * LOW HITPOINT WARNING * * *
Unknown command.
You feel better. The killer bee stings you.
* * * LOW HITPOINT WARNING * * *
The killer bee stings you!
* * * LOW HITPOINT WARNING * * *
The killer bee stings you!
You die...

............#.........#..........
.....##..##.......... ##......#..
........###.#........ .......##.
.#....####.#####..### #.....#..
.###.##...........# #......<.
#.........#..##...## #........
.[........#.####.†.### ##........
....#...###.#.#.yy>..###.........
.##.#...# #.....@#....#......##..
.......####.....####....##....#.#
.##.....#....#### ##....#..#...##
.#.........### #...###>.##....
...........## ###.###..#<..##
..#.........## ###...##......##
#....#..###..# #.#.....##....##
##..#######..## #...##......####
#........##..####...#.##..######


You could see 2 killer bees.

Vanquished Creatures
  Menkaure (D:4)
  3 ogres
  A killer bee (D:6)
  A scorpion (D:4)
  A bullfrog zombie (D:5)
  3 orc priests
  2 orc wizards
  6 worker ants
  7 adders
  2 shadow imps (D:6)
  4 worms (D:2)
  3 dart slugs
  3 leopard geckos
  17 orcs
  3 giant cockroaches
  5 goblins
  8 hobgoblins
  3 jackals (D:1)
  7 kobolds
  3 quokkas
  10 bats
  5 frilled lizards
  7 rats
105 creatures vanquished.

Notes
Turn   | Place    | Note
-------+----------+-------------------------------------------
     0 | D:1      | fiskefarfar the Draconian Berserker began the quest for the
                  | Orb.
     0 | D:1      | Reached XP level 1. HP: 19/19 MP: 1/1
   131 | D:1      | Reached XP level 2. HP: 27/27 MP: 2/2
   664 | D:1      | Reached ** piety under Trog
   978 | D:2      | Reached XP level 3. HP: 9/33 MP: 3/3
  1272 | D:2      | Found a glowing silver altar of Zin.
  1386 | D:2      | Found a hide-covered altar of Uskayaw.
  1386 | D:2      | Noticed a +0 dagger
  1387 | D:2      | Noticed a +0 dagger
  1473 | D:2      | Found a white marble altar of Elyvilon.
  1567 | D:2      | Found a sacrificial altar of Ru.
  1708 | D:2      | Found an ornate altar of the Wu Jian Council.
  2142 | D:3      | Reached XP level 4. HP: 41/41 MP: 4/4
  2724 | D:3      | Found a stormy altar of Qazlal.
  2803 | D:3      | Found a faded altar of an unknown god.
  2935 | D:3      | Found a glowing golden altar of the Shining One.
  3369 | D:4      | Got a smoking silver ring
  3482 | D:4      | Reached skill level 1 in Stealth
  3482 | D:4      | Reached XP level 5. HP: 23/47 MP: 5/5
  3749 | D:4      | Gained mutation: You evolve. [potion of mutation]
  3749 | D:4      | Gained mutation: Your system is resistant to poisons.
                  | (rPois) [potion of mutation]
  3749 | D:4      | Gained mutation: You have a pair of small antennae on your
                  | head. [potion of mutation]
  3834 | D:5      | Entered Level 5 of the Dungeon
  3981 | D:4      | Identified the ring "Behoj" {rElec rC+ AC+1 Int+4 SInv}
                  | (You found it on level 4 of the Dungeon)
  4055 | D:4      | Reached *** piety under Trog
  4055 | D:4      | Reached skill level 5 in Fighting
  4055 | D:4      | Reached XP level 6. HP: 47/56 MP: 6/6
  4060 | D:4      | Noticed Menkaure
  4072 | D:4      | Killed Menkaure
  4072 | D:4      | Reached skill level 5 in Long Blades
  4296 | D:4      | Found a burning altar of Makhleb.
  4366 | D:4      | Found a staircase to the Ecumenical Temple.
  4539 | D:4      | Your scales start taking on a rich purple colour.
  4539 | D:4      | Reached XP level 7. HP: 34/61 MP: 7/7
  4695 | Temple   | Entered the Ecumenical Temple
  4989 | D:5      | Found an iron altar of Okawaru.
  5096 | D:5      | Found a blossoming altar of Fedhas.
  5818 | D:6      | Gained mutation: Your flesh is cold resistant. (rC+)
                  | [evolution]
  5818 | D:6      | Lost mutation: You evolve. [end of evolution]
  5911 | D:6      | Found a shattered altar of Ashenzari.
  5915 | D:6      | Saw a vision of the Swamp and the Snake Pit.
  5915 | D:6      | Noticed a guardian serpent
  5915 | D:6      | Noticed a black mamba
  5916 | D:6      | Noticed a naga sharpshooter
  5916 | D:6      | Noticed a salamander
  5927 | D:6      | Noticed a shock serpent
  5927 | D:6      | Noticed a naga mage
  6310 | D:6      | Slain by a killer bee

Illustrated notes

Levels and vault maps discovered:
D:1:      dpeg_arrival_boxes_within_box, layout_basic
D:2:      layout_rooms, lemuel_doored_altar, zin_treasury, hangedman_ru_absence,
          dancing_weapons_uskayaw, marbit_many_paths, minmay_increasing_density
D:3:      layout_loops_ring, overflow_temple_1_default,
          nicolae_qazlal_general_emergency, chequers_ecumenical_altar_simple,
          first_ration
D:4:      layout_basic, kennysheep_mini, minmay_temple_entry_drinking_statues,
          uniq_menkaure
D:5:      layout_rooms, okawaru_metal_pillars_3, lemuel_tele_altar
D:6:      layout_cave_pools, grunt_ashenzari_visionary
          [grunt_ashenzari_visionary_swamp, grunt_ashenzari_visionary_snake]
D:7:      layout_rooms, uniq_harold
Temple:   jpeg_temple_island

Skill      XL: |  1  2  3  4  5  6  7 |
---------------+----------------------+-----
Fighting       | 4 5 6 |  6.4
Dodging        | 3 4 |  4.4
Long Blades    | 4 5 6 |  6.5
Stealth        | 1 2 |  2.5

Action                   |  1- 3 |  4- 6 |  7- 9 || total
-------------------------+-------+-------+-------++-------
Melee: Falchion          |   114 |   170 |    98 ||   382
       Tailslap          |    17 |    31 |    20 ||    68
Throw: Boomerang         |     9 |    10 |       ||    19
       Dart              |       |       |     9 ||     9
Invok: Berserk           |     1 |     1 |       ||     2
       Trog's Hand       |       |     2 |     1 ||     3
 Abil: Breathe Dispellin |       |       |     1 ||     1
  Use: Scroll            |       |     5 |     4 ||     9
       Potion            |       |     1 |     3 ||     4
 Stab: Distracted        |       |     1 |       ||     1
  Eat: Chunk             |     5 |     8 |     4 ||    17
       Ration            |       |       |     2 ||     2
Armor: Skin              |    41 |    53 |    39 ||   133
Dodge: Dodged            |    68 |   104 |    91 ||   263
       Rpst.: Falchion   |    22 |    33 |    33 ||    88

Table legend:
 A = Non-vault XP
 B = Vault XP
 C = Vault XP percentage of total XP
 D = Non-vault monster count
 E = Vault monster count
 F = Vault count percentage of total count
                 A         B        C        D         E       F
            +---------+---------+-------+---------+---------+-------
      Total |    1181 |     191 |  13.9 |      98 |       7 |   6.7
            +---------+---------+-------+---------+---------+-------
        D:1 |      38 |       0 |   0.0 |      22 |       0 |   0.0
        D:2 |      35 |      19 |  35.2 |      10 |       6 |  37.5
        D:3 |      80 |       0 |   0.0 |      26 |       0 |   0.0
        D:4 |     474 |     172 |  26.6 |      19 |       1 |   5.0
        D:5 |      68 |       0 |   0.0 |       8 |       0 |   0.0
        D:6 |     486 |       0 |   0.0 |      13 |       0 |   0.0
            +---------+---------+-------+---------+---------+-------
